 Dungeon Crawl Stone Soup version 0.27-a0-277-g024f7ef292 (webtiles) character file.

Game seed: 17145493891773325296

31549 Nattfarinn the Grappler (level 13, 0/205 HPs)
             Began as a Troll Berserker on Feb 5, 2021.
             Was an Elder of Trog.
             Slain by a ghoul (14 damage)
             ... on level 13 of the Dungeon.
             The game lasted 00:34:05 (13524 turns).

Nattfarinn the Grappler (Troll Berserker)          Turns: 13524, Time: 00:34:06

Health: 0/205      AC: 14    Str: 32    XL:     13   Next: 26%
Magic:  12/12      EV: 11    Int:  3    God:    Trog [****..]
Gold:   665        SH:  0    Dex:  9    Spells: 12/12 levels left

rFire    . . .     SeeInvis +     - Unarmed
rCold    + . .     Faith    .   (no shield)
rNeg     . . .     Spirit   .   R - +0 acid dragon scales
rPois    .         Reflect  .   (helmet restricted)
rElec    .         Harm     .   n - +1 cloak
rCorr    +         Rampage  .   (gloves unavailable)
Will     .....                  (boots unavailable)
Stlth    ..........             D - amulet of regeneration
HPRegen  1.24/turn              K - ring of protection from cold
MPRegen  0.13/turn              T - ring of see invisible

@: berserking (expiring), lethally poisoned (0 -> -1), very quick
A: large, unfitting armour, claws 3, regeneration 1, shaggy fur 1, tough skin 3
a: Renounce Religion, Berserk, Trog's Hand, Brothers in Arms


You were on level 13 of the Dungeon.
You worshipped Trog.
Trog was greatly pleased with you.
You visited 1 branch of the dungeon, and saw 14 of its levels.
You also visited: Ossuary and Bailey.

You collected 1269 gold pieces.
You spent 604 gold pieces at shops.

Inventory:

Missiles
 l - 5 curare-tipped darts (quivered)
Armour
 n - a +1 cloak (worn)
 R - +0 acid dragon scales (worn)
Jewellery
 D - an amulet of regeneration (around neck)
 K - a ring of protection from cold (left claw)
 T - a ring of see invisible (right claw)
Wands
 r - a wand of charming (10)
 w - a wand of flame (18)
 x - a wand of acid (10)
 A - a wand of paralysis (7)
 I - a wand of polymorph (18)
 J - a wand of iceblast (15)
 L - a wand of digging (6)
Scrolls
 b - a scroll of random uselessness {unknown}
 c - 3 scrolls of remove curse
 d - a scroll of enchant weapon {unknown}
 g - 7 scrolls of identify
 i - 2 scrolls of noise {unknown}
 m - 4 scrolls of magic mapping {unknown}
 o - 2 scrolls of blinking
 t - 2 scrolls of fear {unknown}
 u - 12 scrolls of teleportation {unknown}
 v - a scroll of acquirement {unknown}
 z - 2 scrolls of fog {unknown}
 C - 3 scrolls of enchant armour {unknown}
 H - 2 scrolls of silence {unknown}
 N - a scroll of vulnerability {unknown}
Potions
 a - 3 potions of might
 e - a potion of heal wounds
 f - 3 potions of mutation {unknown}
 h - 2 potions of cancellation {unknown}
 j - 3 potions of haste {unknown}
 k - 3 potions of berserk rage {unknown}
 p - 2 potions of attraction {unknown}
 q - 7 potions of curing
 s - a potion of brilliance {unknown}
 E - a potion of lignification {unknown}
 F - 2 potions of ambrosia {unknown}
 G - 2 potions of degeneration {unknown}
 M - a potion of magic {unknown}
 P - a potion of resistance {unknown}
 Q - a potion of flight {unknown}


   Skills:
 + Level 11.6 Fighting
 + Level 7.5 Armour
 - Level 6.6 Dodging
 * Level 14.3 Unarmed Combat


You had 12 spell levels left.
You didn't know any spells.
Your spell library was empty.

Dungeon Overview and Level Annotations

Branches:
Dungeon (14/15) Temple (0/1) D:7 Lair (0/6) D:8 Orc (0/2) D:12 Vaults (0/5) D:13 D:14 Ossuary (visited) Bailey (visited)

Altars:
Dithmenos
Elyvilon
Fedhas
Gozag
Kikubaaqudgha
Nemelex Xobeh
Okawaru
Qazlal
Trog
Zin

Shops:
D:4 [   D:12 *(?[

Annotations:
D:13 2 transporters, VeinyPole's ghost, journeyman KoHu
D:14 Nessos; Rupert


Innate Abilities, Weirdness & Mutations

You are too large for most types of armour.
You have claws for hands.
Your natural rate of healing is unusually fast.
You are covered in fur. (AC +1)
You have extremely tough skin. (AC +3)


Message History

* * * LOW HITPOINT WARNING * * *
Items here: ) [ ††.
You feel a strong urge to attack something.
You feel sick.
You miss the human. You claw the ghoul!
The ghoul is lightly damaged.
You feel sick. The human hits you!
* * * LOW HITPOINT WARNING * * *
You eviscerate the ghoul!!!
The ghoul is moderately damaged.
The ghoul claws you but does no damage. x2
You barely miss the ghoul.
The ghoul is moderately damaged.
You feel sick. The human hits you!
* * * LOW HITPOINT WARNING * * *
You claw the ghoul!
The ghoul is heavily damaged.
The ghoul claws you!
You die...

(##8x....8##.#..............##
..#########.....#............#
......©......................#
......................#......#
......=....................###
................††..........#
........†......†>†..........#
...............†pn..........##
................@............#
......##............#........#
#.....##........#...#........#
#....###......###.........####
#....# ####...###....#...##
#....# #...#......##...#
...### #...#......##...#
...###### #####......##...#
..≈.....# #......#...##


You could see a ghoul and a human.

Vanquished Creatures
  Harold (D:11)
  2 boulder beetles
  A catoblepas (D:13)
  2 two-headed ogres
  3 centaur warriors
  3 skeletal warriors (D:12)
  3 unseen horrors
  An orc knight (D:13)
  7 ugly things
  5 cyclopes
  Maggie (D:6)
  A komodo dragon (D:8)
  A kobold demonologist (D:9)
  7 trolls
  Prince Ribbit (D:9)
  Sigmund (D:6)
  A vampire (D:12)
  2 wyverns
  3 wraiths
  A shadow (D:13)
  9 yaks
  14 humans (D:13)
  3 vampire mosquitoes (D:13)
  Eustachio (D:5)
  A soldier ant (D:13)
  An acid dragon (D:12)
  3 swamp worms (D:8)
  A water moccasin (D:8)
  4 sky beasts
  9 orc warriors
  3 ice beasts
  A necrophage (D:9)
  13 ogres
  18 centaurs
  4 phantoms
  2 big kobolds
  Blork the orc (D:5)
  5 bullfrogs
  A water moccasin zombie (D:8)
  6 scorpions
  4 killer bees
  4 howler monkeys
  8 wights
  A human zombie (Ossuary)
  A quasit (D:9)
  3 centaur zombies
  7 orc priests
  2 jellies (D:9)
  2 bullfrog skeletons (D:8)
  3 centaur skeletons
  8 hounds
  4 iguanas
  11 orc wizards
  6 worker ants
  A killer bee zombie (D:8)
  A hound zombie (D:9)
  A hound skeleton (D:6)
  3 mummies (Ossuary)
  Robin (D:3)
  18 adders
  12 gnolls
  3 shadow imps
  2 white imps (D:7)
  2 ufetubi
  2 oozes
  An adder skeleton (D:6)
  3 worms
  2 dart slugs (D:1)
  4 leopard geckos
  50 orcs
  10 giant cockroaches
  14 goblins
  7 hobgoblins
  16 jackals
  14 kobolds
  3 quokkas
  A ball python (D:1)
  3 frilled lizards
  4 goblin zombies (Ossuary)
  2 hobgoblin zombies (Ossuary)
  2 jackal zombies
  2 kobold zombies (Ossuary)
  A leopard gecko skeleton (D:9)
  A leopard gecko zombie (D:7)
  An orc zombie (Ossuary)
  A quokka skeleton (D:4)
  7 rats
406 creatures vanquished.

Vanquished Creatures (collateral kills)
  A hydra (D:12)
  Urug (D:11)
  An orc knight (Bailey)
  An orc priest (D:7)
  2 orc wizards (D:7)
  An adder (D:7)
  2 gnolls (Bailey)
  An orc (Bailey)
  A goblin (Bailey)
  A hobgoblin (Bailey)
12 creatures vanquished.

Vanquished Creatures (others)
  A human (D:14)
  10 plants
11 creatures vanquished.

Grand Total: 429 creatures vanquished

Notes
Turn   | Place    | Note
-------+----------+-------------------------------------------
     0 | D:1      | Nattfarinn the Troll Berserker began the quest for the Orb.
     0 | D:1      | Reached XP level 1. HP: 22/22 MP: 0/0
   100 | D:1      | Reached XP level 2. HP: 29/29 MP: 1/1
   405 | D:1      | Reached XP level 3. HP: 33/37 MP: 2/2
   573 | D:1      | Reached ** piety under Trog
  1664 | D:3      | Identified the +1 helmet of the Ecumenical Temple {Int-3
                  | Dex+9}
  1664 | D:3      | Noticed Robin
  1685 | D:3      | Reached XP level 4. HP: 45/45 MP: 3/3
  1694 | D:3      | Killed Robin
  1778 | D:3      | Reached XP level 5. HP: 35/54 MP: 4/4
  2100 | D:3      | Reached *** piety under Trog
  2581 | D:4      | Reached skill level 4 in Unarmed Combat
  2627 | D:4      | Noticed a phantom
  2638 | D:4      | Killed a phantom
  2639 | D:4      | Reached XP level 6. HP: 60/63 MP: 5/5
  2655 | D:4      | Found Yturphap's Antique Armour Shop.
  3022 | D:5      | Entered Level 5 of the Dungeon
  3153 | D:5      | Noticed Eustachio
  3213 | D:5      | Killed Eustachio
  3214 | D:5      | Reached skill level 5 in Fighting
  3214 | D:5      | Reached XP level 7. HP: 47/72 MP: 6/6
  3462 | D:5      | Reached skill level 5 in Unarmed Combat
  3792 | D:5      | Noticed Blork the orc
  3800 | D:5      | Killed Blork the orc
  4066 | D:6      | Reached XP level 8. HP: 83/83 MP: 7/7
  4154 | D:6      | Reached **** piety under Trog
  4183 | D:6      | Noticed Sigmund
  4192 | D:6      | Killed Sigmund
  4193 | D:6      | Reached skill level 5 in Dodging
  4193 | D:6      | Reached skill level 6 in Unarmed Combat
  4364 | D:6      | Found a bloodstained altar of Trog.
  4364 | D:6      | Found a blossoming altar of Fedhas.
  4365 | D:6      | Found an opulent altar of Gozag.
  4365 | D:6      | Found an iron altar of Okawaru.
  4459 | D:6      | Noticed Maggie
  4479 | D:6      | Killed Maggie
  4480 | D:6      | Reached XP level 9. HP: 22/93 MP: 8/8
  5257 | D:7      | Found a flagged portal.
  5281 | Bailey   | Entered a bailey
  5326 | Bailey   | Reached skill level 7 in Unarmed Combat
  5331 | Bailey   | Noticed an orc knight
  5343 | Bailey   | Killed an orc knight
  5610 | D:7      | Found a sand-covered staircase.
  5619 | Ossuary  | Entered an ossuary
  6095 | D:7      | Found a sparkling altar of Nemelex Xobeh.
  6349 | D:7      | Found a staircase to the Ecumenical Temple.
  6379 | D:7      | Reached ***** piety under Trog
  6515 | D:8      | Noticed a two-headed ogre
  6524 | D:8      | Killed a two-headed ogre
  6525 | D:8      | Reached XP level 10. HP: 62/107 MP: 9/9
  6693 | D:8      | Found a staircase to the Lair.
  6707 | D:8      | Reached skill level 8 in Unarmed Combat
  6788 | D:8      | Found a shadowy altar of Dithmenos.
  6815 | D:8      | Received a gift from Trog
  6822 | D:8      | Reached skill level 1 in Armour
  7223 | D:8      | Reached skill level 9 in Unarmed Combat
  7470 | D:8      | Identified the +6 hunting sling of Keluadum {speed, rPois}
                  | (You found it on level 8 of the Dungeon)
  7601 | D:8      | Found a white marble altar of Elyvilon.
  7903 | D:9      | Noticed a two-headed ogre
  7914 | D:9      | Killed a two-headed ogre
  8013 | D:9      | Noticed Prince Ribbit
  8020 | D:9      | Killed Prince Ribbit
  8187 | D:9      | Noticed a boulder beetle
  8208 | D:9      | Killed a boulder beetle
  8209 | D:9      | Reached skill level 10 in Unarmed Combat
  8209 | D:9      | Reached XP level 11. HP: 74/117 MP: 10/10
  8443 | D:9      | Found an ancient bone altar of Kikubaaqudgha.
  8622 | D:9      | Noticed a centaur warrior
  8629 | D:9      | Killed a centaur warrior
  8630 | D:9      | Reached skill level 10 in Fighting
  8764 | D:10     | Entered Level 10 of the Dungeon
  8950 | D:10     | Received a gift from Trog
  9013 | D:10     | Reached skill level 11 in Unarmed Combat
  9495 | D:11     | Noticed a cyan ugly thing
  9505 | D:10     | Killed a cyan ugly thing
  9762 | D:11     | Killed an unseen horror
  9763 | D:11     | Reached skill level 5 in Armour
  9834 | D:11     | Noticed Urug
  9843 | D:11     | Killed Urug
 10018 | D:11     | Noticed Harold
 10034 | D:11     | Killed Harold
 10035 | D:11     | Reached skill level 12 in Unarmed Combat
 10036 | D:11     | Noticed a purple ugly thing
 10046 | D:11     | Killed a purple ugly thing
 10047 | D:11     | Reached XP level 12. HP: 32/128 MP: 11/11
 10778 | D:11     | Noticed a boulder beetle
 10792 | D:11     | Killed a boulder beetle
 10942 | D:12     | Found Gaamaonk's Antique Armour Shop.
 10966 | D:12     | Found Efiomi's Magic Scroll Emporium.
 11131 | D:12     | Found a staircase to the Orcish Mines.
 11153 | D:12     | Found a glowing silver altar of Zin.
 11213 | D:12     | Found Goidyu's Weapon Shoppe.
 11216 | D:12     | Found Niffag's General Store.
 11594 | D:12     | Reached skill level 13 in Unarmed Combat
 11893 | D:13     | Noticed an eight-headed hydra
 11893 | D:13     | Noticed a centaur warrior
 12001 | D:12     | Bought the +3 morningstar of the Hawk {vamp, rN+ Str+3
                  | Int-4 SInv} for 604 gold pieces
 12002 | D:12     | Lost intelligence.
 12094 | D:12     | Received a gift from Trog
 12111 | D:12     | Killed an eight-headed hydra
 12296 | D:12     | Killed a centaur warrior
 12537 | D:13     | Found a transporter.
 12544 | D:13     | Noticed VeinyPole's ghost (journeyman KoHu)
 12550 | D:13     | Found a transporter.
 12556 | D:13     | Noticed a catoblepas
 12576 | D:13     | Killed a catoblepas
 12664 | D:13     | Noticed a centaur warrior
 12785 | D:13     | Reached XP level 13. HP: 137/137 MP: 12/12
 12937 | D:13     | Reached skill level 14 in Unarmed Combat
 13029 | D:13     | Found a stormy altar of Qazlal.
 13335 | D:14     | Found a gate to the Vaults.
 13335 | D:14     | Noticed Rupert
 13335 | D:14     | Noticed Nessos
 13345 | D:14     | Noticed a ghoul
 13524 | D:13     | Slain by a ghoul

Illustrated notes

Levels and vault maps discovered:
D:1:      nicolae_arrival_somewhat_less_tricky_arrival, layout_basic
D:2:      layout_basic, serial_aquarium, aquarium_bridge_long_separate
          [aquarium_subvault_window, aquarium_subvault_bridge,
          aquarium_subvault_bridge, aquarium_subvault_wall,
          aquarium_subvault_bridge, aquarium_subvault_bridge],
          aquarium_window_fake, aquarium_window_2, aquarium_window_1,
          aquarium_window_2, aquarium_view_2c, aquarium_view_2c,
          aquarium_pool_five
D:3:      layout_basic, uniq_robin
D:4:      layout_basic, serial_shops, nicolae_shop_behind_doors
D:5:      minmay_bubble_buster, layout_basic, roderic_roman_lattice,
          uniq_eustachio, uniq_blork_the_orc
D:6:      layout_loops_ring, chequers_temple_overflow_statue_of_worship,
          uniq_sigmund, uniq_maggie
D:7:      layout_basic, minmay_temple_entry_from_below_a,
          chequers_ossuary_entry_cave, lightli_bailey_entry_fortress,
          nemelex_altar_shiori
D:8:      layout_layer_cave, general_overflow_altar,
          nicolae_overflow_crystal_walls, david_lair_shrubbed, worms_lemuel
D:9:      nzn_winding_woodlands_medium [nzn_winding_woodlands_5x5_cross,
          nzn_winding_woodlands_5x15_split_checker,
          nzn_winding_woodlands_5x5_three, nzn_winding_woodlands_5x5_perimeter,
          nzn_winding_woodlands_center_pierced_h,
          nzn_winding_woodlands_5x5_open_star,
          nzn_winding_woodlands_5x5_checkerboard,
          nzn_winding_woodlands_5x15_garden,
          nzn_winding_woodlands_5x5_closed_star], layout_small_grid,
          kennysheep_mini, uniq_prince_ribbit1
D:10:     layout_basic
D:11:     layout_layer_cave, uniq_urug, uniq_harold
D:12:     layout_loops_ring, orc_0_dummy, serial_shops, shop, shop, shop, shop,
          basic_altar
D:13:     layout_cross, gammafunk_ghost_arena, grunt_ministairs_10,
          nicolae_qazlal_general_emergency
D:14:     minmay_octagon_keep, layout_loops_ring, david_vaults_3, serial_shops,
          shop_coins, serial_undead, serial_undead_b, serial_undead_d,
          serial_undead_b, serial_undead_a, serial_undead_e, serial_undead_a,
          evilmike_ruin_ashenzari, lemuel_oklob_altar

Skill      XL: |  1  2  3  4  5  6  7  8  9 10 11 12 13 |
---------------+----------------------------------------+-----
Fighting       | 3 4 5 6 7 9 10 11 | 11.6
Dodging        | 3 4 5 6 |  6.6
Unarmed Combat | 4 5 6 7 10 12 13 14 | 14.3
Armour         | 3 5 7 |  7.5

Action                   |  1- 3 |  4- 6 |  7- 9 | 10-12 | 13-15 || total
-------------------------+-------+-------+-------+-------+-------++-------
Melee: Unarmed           |   104 |   142 |   334 |   596 |   108 ||  1284
       Punch             |     2 |     3 |    12 |    39 |     7 ||    63
Invok: Berserk           |     1 |     1 |     8 |    11 |     3 ||    24
       Brothers in Arms  |       |       |     3 |     4 |       ||     7
       Trog's Hand       |       |       |       |     3 |       ||     3
  Use: Scroll            |       |       |     4 |     5 |     1 ||    10
       Potion            |       |       |       |     5 |       ||     5
Armor: Animal skin       |    30 |    51 |    50 |       |       ||   131
       Steam dragon scal |       |       |   104 |   108 |       ||   212
       Troll leather arm |       |       |       |   106 |       ||   106
       Acid dragon scale |       |       |       |   120 |    89 ||   209
Dodge: Dodged            |    48 |    61 |   222 |   383 |    91 ||   805

Table legend: (Time is in decaauts)
 A = Elapsed time spent in this place.
 B = Non-inter-level travel time spent in this place.
 C = Inter-level travel time spent in this place.
 D = Time resting spent in this place.
 E = Time spent auto-exploring this place.
 F = Levels seen in this place.
 G = Mean time per level.
                   A        B        C        D        E       F      G
               +--------+--------+--------+--------+--------+-----+--------+
         Total |  13576 |  12945 |    631 |   2089 |   8119 |  16 |  848.5 |
       Dungeon |  12901 |  12270 |    631 |   2001 |   7781 |  14 |  921.5 |
       Ossuary |    425 |    425 |      0 |      0 |    338 |   1 |  425.0 |
        Bailey |    248 |    248 |      0 |     88 |      0 |   1 |  248.0 |
               +--------+--------+--------+--------+--------+-----+--------+

Top non-repeatable levels by time:
    D:12: 1612 daAuts
     D:8: 1403 daAuts
    D:11: 1231 daAuts
     D:6: 1028 daAuts
     D:5: 1027 daAuts
    D:13: 959 daAuts
    D:10: 932 daAuts
     D:9: 863 daAuts
     D:2: 843 daAuts
     D:7: 814 daAuts
     D:1: 791 daAuts
     D:3: 768 daAuts
     D:4: 614 daAuts
 Ossuary: 425 daAuts
  Bailey: 248 daAuts
